 Dungeon Crawl Stone Soup version 0.11.0-9-gb634444 (webtiles) character file.

2926 bp the Sneak (level 9, -9/42 HPs)
             Began as a Spriggan Enchanter on Mar 10, 2013.
             Was a Priest of Makhleb.
             Mangled by a bumblebee (17 damage)
             ... on Level 6 of the Dungeon.
             The game lasted 01:12:09 (9913 turns).

bp the Sneak (Spriggan Enchanter)                   Turns: 9913, Time: 01:12:09

HP  -9/42        AC  8     Str  7      XL: 9   Next: 42%
MP  14/25        EV 18     Int 16      God: Makhleb [***...]
Gold 378         SH  0     Dex 17      Spells:  3 memorised, 12 levels left

Res.Fire  : . . .   See Invis. : +   f - +1,+3 orc short sword (protect)
Res.Cold  : . . .   Warding    : .   b - +1 robe
Life Prot.: . . .   Conserve   : .   (shield restricted)
Res.Poison: .       Res.Corr.  : .   (helmet restricted)
Res.Elec. : .       Clarity    : .   (no cloak)
Sust.Abil.: . .     Spirit.Shd : .   (gloves unavailable)
Res.Mut.  : .       Stasis     : .   (boots unavailable)
Res.Rott. : .       Ctrl.Telep.: .   (no amulet)
Saprovore : . . .   Levitation : .   (no ring) Ctrl.Flight: .
                                     s - ring of wizardry

@: very quick, quite resistant to hostile enchantments, very stealthy
A: unfitting armour, see invisible, herbivore 3, speed 3, slow metabolism 2
a: Minor Destruction, Lesser Servant of Makhleb, Renounce Religion


You were on level 6 of the Dungeon.
You worshipped Makhleb.
Makhleb was greatly pleased with you.
You were not hungry.

You visited 2 branches of the dungeon, and saw 8 of its levels.

You collected 398 gold pieces.
You spent 40 gold pieces at shops.

Inventory:

Hand weapons
 a - a +1,+1 dagger {=f}
 f - a +1,+3 orcish short sword of protection (weapon)
Missiles
 d - 8 darts (quivered)
Armour
 b - a +1 robe (worn)
 k - a -1 orcish robe
Magical devices
 p - a wand of disintegration (23)
 q - a wand of fire (0)
 w - a wand of slowing (8)
Scrolls
 r - a scroll of teleportation
 u - a scroll of magic mapping
Jewellery
 s - a ring of wizardry (left hand)
Potions
 e - a potion of porridge
 h - a potion of brilliance
 i - a potion of agility
 j - a potion of cure mutation
 l - a potion of invisibility {unknown}
 m - a potion of gain strength {unknown}
 n - 2 potions of curing
 o - a potion of speed {unknown}
 v - 2 potions of confusion {unknown}
 z - a potion of levitation {unknown}
Books
 c - a book of Maledictions

   Spells                             Type                      Level
   *Corona                            Hexes                        1
   Sure Blade                         Hexes/Charms                 2
   *Ensorcelled Hibernation           Hexes/Ice                    2
   *Confuse                           Hexes                        3
   Enslavement                        Hexes                        4
   Invisibility                       Hexes                        6
 g - a book of Unlife

   Spells                             Type                      Level
   Recall                             Summoning/Translocation      3
   Animate Dead                       Necromancy                   4
   Control Undead                     Necromancy                   4
   Twisted Resurrection               Necromancy                   5
   Death Channel                      Necromancy                   6
   Simulacrum                         Ice/Necromancy               6
 t - a book of Morphology

   Spells                             Type                      Level
   Sticks to Snakes                   Transmutation                2
   Petrify                            Transmutation/Earth          4
   Polymorph Other                    Hexes/Transmutation          4
   Cigotuvi's Degeneration            Transmutation/Necromancy     5
   Ignite Poison                      Fire/Transmutation           5


   Skills:
 * Level 4,2 Fighting
 - Level 1,1 Short Blades
 - Level 1,1 Throwing
 - Level 3,1 Dodging
 + Level 6,6 Stealth
 - Level 4,3 Stabbing
 + Level 5,4 Traps & Doors
 + Level 5,2 Spellcasting
 + Level 4,6 Hexes
 * Level 4,7 Ice Magic
 + Level 2,1 Invocations
 - Level 2,1 Evocations


You had 12 spell levels left.
You knew the following spells:

 Your Spells              Type           Power        Failure   Level  Hunger
a - Corona                Hex            ####....     1%          1    None
b - Ensorcelled Hibernat  Hex/Ice        ####...      1%          2    #......
c - Confuse               Hex            ####.....    3%          3    ###....


Dungeon Overview and Level Annotations

Branches:
Dungeon (7/27)             Temple (1/1) D:4             Orc (0/4) D:7

Altars:
Ashenzari
Cheibriados
Elyvilon
Fedhas
Kikubaaqudgha
Makhleb
Nemelex Xobeh
Okawaru
Sif Muna
Trog
Vehumet
Xom
Yredelemnul
Zin
the Shining One

Shops:
D:6: ?

Annotations
D:6 exclusion: door
D:7 Ijyb


Innate Abilities, Weirdness & Mutations

You are tiny and cannot use many weapons and most armour.
You have supernaturally acute eyesight.
You are a herbivore.
You cover ground extremely quickly.
You need consume almost no food.


Message History

Aim: a bumblebee The bumblebee looks drowsy...
The helpless bumblebee fails to defend itself.
You impale the bumblebee!!
The bumblebee is severely wounded.
The bumblebee misses you.
That item cannot be evoked!
Zapping:
p - a wand of disintegration {recharged}
Press: ? - help, Shift-Dir - straight line, f/p - bumblebee
Aim: a bumblebee (severely wounded)
The bumblebee resists.
Zapping:
w - a copper wand {zapped: 1} {tried by monster}
Press: ? - help, Shift-Dir - straight line, f/p - bumblebee
Aim: a bumblebee (severely wounded)
The bumblebee seems to slow down.
w - a wand of slowing {zapped: 2} You barely miss the bumblebee.
The bumblebee is severely wounded.
The bumblebee stings you!
You die...

#.# #.# #.# #.# #######.#
#.# #.......# #k#
#.########### #k#
#.#.........# #k#
#.##.######.# #.#
#.##'#### #.############.#
#.......# #.#..@kk.k.k...#
#...<...###.#.############
#.......'.#.#.#
#.......#.#.#.#
#.......'...#.#
#.......#.#.#.#
##.......#.#.#.#
.........#.#.#.#
#####'####.#.#.#


You could see 4 bumblebees.

Vanquished Creatures
  An orc warrior (D:7)
  A phantom (D:7)
  2 giant goldfish (D:6)
  4 ogres
  An ice beast (D:6)
  2 centaurs (D:6)
  A big kobold (D:4)
  4 giant frogs (D:7)
  Blork the orc (D:6)
  2 wights (D:6)
  A hound (D:6)
  A crimson imp (D:7)
  An orc priest (D:7)
  An iguana (D:6)
  4 big fish (D:6)
  7 orc wizards
  A scorpion (D:5)
  4 worker ants
  2 worker ant zombies
  Jessica (D:2)
  Terence (D:3)
  6 gnolls
  7 adders
  A green rat (D:6)
  A giant mite (D:2)
  3 inept feature mimics
  2 adder skeletons
  12 worms
  A grey rat (D:6)
  A giant gecko (D:3)
  3 oozes
  24 orcs
  15 bats
  6 giant cockroaches
  9 goblins
  12 hobgoblins
  2 jackals (D:3)
  11 kobolds
  2 quokkas
  A ball python (D:1)
  6 giant newts
  3 halflings (D:4)
  A hobgoblin zombie (D:6)
  An orc skeleton (D:7)
  An orc zombie (D:6)
  11 rats
  A bush (D:4)
  3 plants (D:4)
  A toadstool (D:4)
190 creatures vanquished.

Vanquished Creatures (collateral kills)
  The ghost of ThorGoll the Archer, an experienced HEHu of Okawaru (D:7)
1 creature vanquished.

Vanquished Creatures (others)
  A giant gecko (D:4)
  A goblin (D:4)
  14 toadstools
16 creatures vanquished.

Grand Total: 207 creatures vanquished

Notes
Turn   | Place    | Note
--------------------------------------------------------------
     0 | D:1      | bp, the Spriggan Enchanter, began the quest for the Orb.
     0 | D:1      | Reached XP level 1. HP: 9/9 MP: 4/4
   274 | D:1      | Reached XP level 2. HP: 10/13 MP: 3/6
   278 | D:1      | Learned a level 2 spell: Ensorcelled Hibernation
   803 | D:2      | Found a shimmering altar of Xom.
   804 | D:2      | Found a shimmering altar of Xom.
   804 | D:2      | Found a shimmering altar of Xom.
   804 | D:2      | Found a shimmering altar of Xom.
   810 | D:2      | Found a basalt altar of Yredelemnul.
   900 | D:2      | Reached skill level 1 in Traps & Doors
   937 | D:2      | Noticed Jessica
   942 | D:2      | Killed Jessica
   942 | D:2      | Reached skill level 1 in Ice Magic
   942 | D:2      | Reached XP level 3. HP: 16/16 MP: 0/9
  1222 | D:2      | You fall through a shaft!
  1296 | D:3      | Noticed Terence
  1336 | D:3      | Learned a level 3 spell: Confuse
  1411 | D:3      | Killed Terence
  1411 | D:3      | Reached XP level 4. HP: 19/21 MP: 6/12
  1556 | D:3      | Found a radiant altar of Vehumet.
  2527 | D:3      | Reached XP level 5. HP: 24/24 MP: 12/15
  3236 | D:4      | Reached skill level 1 in Fighting
  3277 | D:4      | Reached skill level 4 in Stealth
  3343 | D:4      | Reached XP level 6. HP: 24/29 MP: 1/18
  4002 | D:4      | Noticed an ogre
  4009 | D:4      | Killed an ogre
  4145 | D:4      | Found a staircase to the Ecumenical Temple.
  4205 | Temple   | Entered the Ecumenical Temple
  4495 | Temple   | Became a worshipper of Makhleb the Destroyer
  4829 | D:5      | Entered Level 5 of the Dungeon
  4838 | D:5      | Reached XP level 7. HP: 32/32 MP: 17/20
  5811 | D:6      | Noticed Blork the orc
  5820 | D:6      | Killed Blork the orc
  5820 | D:6      | Reached skill level 5 in Stealth
  5849 | D:6      | Acquired Makhleb's first power
  6030 | D:6      | Reached skill level 1 in Evocations
  6059 | D:6      | Reached XP level 8. HP: 31/38 MP: 7/22
  6660 | D:6      | Acquired Makhleb's second power
  7061 | D:6      | Found a glowing drain.
  7106 | D:6      | the glowing drain was a mimic.
  7216 | D:6      | Found Momm's Magic Scroll Emporium.
  7233 | D:6      | Bought a scroll of immolation for 10 gold pieces
  7233 | D:6      | Bought a scroll of random uselessness for 10 gold pieces
  7233 | D:6      | Bought a scroll of curse armour for 20 gold pieces
  7545 | D:6      | Reached skill level 1 in Invocations
  8638 | D:6      | Found a bloodstained altar of Trog.
  9118 | D:7      | Acquired Makhleb's third power
  9133 | D:7      | Found a staircase to the Orcish Mines.
  9239 | D:7      | Reached skill level 6 in Stealth
  9239 | D:7      | Reached XP level 9. HP: 40/42 MP: 3/24
  9300 | D:7      | Noticed Ijyb
  9350 | D:7      | Reached skill level 5 in Traps & Doors
  9350 | D:7      | Reached skill level 5 in Spellcasting
  9577 | D:7      | Noticed ThorGoll's ghost (experienced HEHu)
  9608 | D:7      | Killed ThorGoll's ghost
  9751 | D:7      | HP: 2/42 [Ijyb/wand of lightning (14)]
  9913 | D:6      | Mangled by a bumblebee
